 Dungeon Crawl Stone Soup version 0.19-a0-49-gb8736b8 (webtiles) character file.

288 useraccount the Shield-Bearer (level 6, -2/48 HPs)
             Began as a Formicid Fighter on May 6, 2016.
             Slain by a crocodile (14 damage)
             ... in a sewer.
             The game lasted 00:03:07 (3121 turns).

useraccount the Shield-Bearer (Formicid Fighter)    Turns: 3121, Time: 00:03:08

Health: -2/48      AC:  9    Str: 22    XL:     6   Next: 57%
Magic:  6/6        EV:  7    Int:  8    God:
Gold:   159        SH: 10    Dex: 10    Spells: 0 memorised, 5 levels left

rFire  + . .     SeeInvis +     a - +0 quarterstaff
rCold  . . .     Gourm    .     m - +0 chain mail
rNeg   . . .     Faith    .     c - +0 shield
rPois  .         Spirit   .     (helmet unavailable)
rElec  .         Dismiss  .     (no cloak)
rCorr  .         Reflect  .     (no gloves)
SustAt .         Harm     .     (no boots)
MR     .....                    (no amulet)
Stlth  ..........               (no ring)
                                j - ring of protection from fire

@: not resistant to hostile enchantments, extremely unstealthy
A: permanent stasis, dig shafts and tunnels, four strong arms, antennae 3
a: Dig, Shaft Self


You were in a sewer.
You were not hungry.

You visited 1 branch of the dungeon, and saw 4 of its levels.
You also visited: Sewer.

You collected 159 gold pieces.

Inventory:

Hand Weapons
 a - a +0 quarterstaff (weapon)
Missiles
 b - 6 javelins (quivered)
Armour
 c - a +0 shield (worn)
 m - a +0 chain mail (worn)
Jewellery
 j - a ring of protection from fire (left hand)
Scrolls
 e - a scroll of amnesia {unknown}
 g - 2 scrolls of teleportation {unknown}
 h - a scroll of remove curse {unknown}
 i - a scroll of enchant armour {unknown}
 k - 3 scrolls of recharging {unknown}
Potions
 d - a potion of might
Comestibles
 f - 4 bread rations
 l - a meat ration
 n - 2 chunks of flesh


   Skills:
 - Level 4.0 Fighting
 * Level 3.9 Staves
 - Level 4.0 Armour
 + Level 2.6 Dodging
 + Level 4.8 Shields


You had 5 spell levels left.
You didn't know any spells.

Dungeon Overview and Level Annotations

Branches:
Dungeon (4/15)
 Temple: D:4-7

Altars:
Trog


Innate Abilities, Weirdness & Mutations

You are under a permanent stasis effect.
You can dig through walls and to a lower floor.
Your four strong arms can wield two-handed weapons with a shield.
You have a pair of large antennae on your head (SInv).


Message History

You continue eating. x2
HP restored.
A crocodile comes into view.
A crocodile is nearby!
Found 53 gold pieces.
The crocodile closely misses you.
Found four items.
You completely miss the crocodile. You block the crocodile's attack.
You hit the crocodile.
The crocodile is lightly wounded.
The crocodile bites you!
You thump the crocodile!
The crocodile is moderately wounded.
The crocodile bites you!
You thump the crocodile!
The crocodile is severely wounded.
The crocodile bites you.
* * * LOW HITPOINT WARNING * * *
The crocodile bites you!
You die...

###### #.....#
$......
?$.....############
($....t@...........
/$.....####.#######
$...... #.# #.....#
#.# ###### #.# #.#
#.# ##.## ##...##


You could see a crocodile.

Vanquished Creatures
  A crimson imp (D:3)
  3 orc wizards (D:3)
  Jessica (D:2)
  Robin (D:2)
  2 adders (D:3)
  2 river rats (D:4)
  A dart slug (D:2)
  3 giant geckos
  5 orcs (D:3)
  2 ball pythons
  5 giant cockroaches (D:2)
  17 goblins
  5 hobgoblins
  8 jackals (D:3)
  8 bats
  3 giant newts
  3 kobolds
  A quokka zombie (D:3)
  10 rats
81 creatures vanquished.

Notes
Turn   | Place    | Note
--------------------------------------------------------------
     0 | D:1      | useraccount the Formicid Fighter began the quest for the Orb.
     0 | D:1      | Reached XP level 1. HP: 18/18 MP: 1/1
   121 | D:1      | Reached XP level 2. HP: 18/24 MP: 2/2
   557 | D:2      | Found a bloodstained altar of Trog.
   620 | D:2      | Reached XP level 3. HP: 29/29 MP: 3/3
   622 | D:2      | Found a faded altar to an unknown god.
   681 | D:2      | Reached skill level 1 in Dodging
   795 | D:2      | Noticed Jessica
   810 | D:2      | Killed Jessica
   810 | D:2      | Reached XP level 4. HP: 36/37 MP: 4/4
  1007 | D:2      | Noticed Robin
  1028 | D:2      | Killed Robin
  1485 | D:3      | Reached XP level 5. HP: 17/42 MP: 5/5
  2256 | D:3      | Reached XP level 6. HP: 46/48 MP: 6/6
  3032 | D:4      | Found a glowing drain.
  3054 | Sewer    | Entered a sewer
  3121 | Sewer    | Slain by a crocodile

Vault maps used:
D:1:      mrwooster_arrival_statue_2
D:2:      ecumenical_altar_2, trog_three_pillars_becter, uniq_robin,
          uniq_jessica
D:3:      patterned_corridor
D:4:      hangedman_ru_absence, gup_sewer_entry_spiral
Sewer:    sewer_big_baddie

Skill      XL: |  1  2  3  4  5 |
---------------+----------------+-----
Dodging        | 1 2 |  2.6
Shields        | 4 |  4.8
Fighting       | 4 |  4.0
Staves         | 3 |  3.9
Armour         | 4 |  4.0

Action                   |  1- 3 |  4- 6 || total
-------------------------+-------+-------++-------
Melee: Quarterstaff      |    98 |   223 ||   321
 Abil: Dig               |       |     4 ||     4
  Eat: Chunk             |       |     8 ||     8
Armor: Scale mail        |    40 |    50 ||    90
       Chain mail        |       |    45 ||    45
Dodge: Dodged            |    26 |    53 ||    79
Block: Shield            |    45 |   130 ||   175
